Map: Moebius Facility XX-1

Players

army

  • Race: Terran Terran
  • League: Platinum
  • Spawn Location: 1:00

Richmond

  • Race: Terran Terran
  • League: Platinum
  • Spawn Location: 12:00

Loken - Winner!

  • Race: Zerg Zerg
  • League: Platinum
  • Spawn Location: 7:00

dallaskuken - Winner!

  • Race: Protoss Protoss
  • League: Platinum
  • Spawn Location: 6:00

VOD

Have the link to the VOD?

Description

Time

  • Played on: April 11, 2017, 7:18 p.m.
  • Length: 5:38
Show
View Real Time Build Order
Export as new Build Order

army Terran 

Build Orders:  

Get SALT Encoding   

  12  0:01  SCV  
  13  0:16  Supply Depot  
  13  0:20  SCV  
  15  0:40  Barracks  
  14  0:43  Refinery  
  14  1:07  SCV  
  15  1:19  SCV  
  16  1:28  Barracks Reactor  
  16  1:45  Command Center  
  16  1:54  Bunker  
  16  2:04  Marine x2  
  18  2:18  Supply Depot  
  18  2:20  SCV  
  18  2:22  Marine  
  20  2:39  Marine  
  20  2:40  Marine  
  22  2:44  Orbital Command  
  22  3:02  Bunker  
  22  3:08  Orbital Command  
  22  3:23  Factory  
  22  3:28  Marine x2  
  24  3:48  Bunker  
  24  3:56  Refinery  
  24  3:58  SCV  
  25  4:09  Factory Tech Lab  
  25  4:10  SCV, Engineering Bay  
  25  4:11  Marine  
  27  4:22  SCV  
  25  4:34  SCV  
  21  4:41  Marine x2  
  23  4:46  Refinery, SCV  
  23  4:49  Refinery  
  23  4:53  Missile Turret  
  23  4:56  SCV  
  23  4:59  Marine  
  24  5:05  Marine  
  23  5:08  SCV  
  24  5:20  SCV  
Show
View Real Time Build Order
Export as new Build Order

Richmond Terran 

Build Orders: Reaper Expand 

Get SALT Encoding   

  12  0:00  SCV  
  13  0:17  Supply Depot  
  13  0:19  SCV  
  14  0:31  SCV  
  15  0:39  Barracks  
  15  0:42  Refinery  
  15  0:51  SCV  
  16  1:04  SCV  
  17  1:16  SCV  
  18  1:30  Reaper  
  20  1:36  Orbital Command  
  19  1:43  Command Center  
  19  1:55  Refinery  
  19  2:02  Barracks Reactor  
  19  2:09  Supply Depot  
  19  2:17  SCV  
  20  2:29  SCV  
  21  2:33  Factory  
  21  2:41  SCV  
  22  2:53  SCV  
  22  2:56  Marine x2  
  25  3:00  Supply Depot  
  26  3:05  SCV  
  26  3:15  Orbital Command  
  26  3:17  SCV  
  27  3:21  Factory Reactor  
  27  3:23  Starport  
  27  3:29  SCV  
  28  3:42  SCV  
  29  3:54  SCV  
  30  4:06  SCV  
  30  4:09  Starport Reactor, Engineering Bay  
  31  4:11  Cyclone x2  
  31  4:15  SCV, Supply Depot  
  38  4:18  SCV  
  39  4:25  Refinery  
  39  4:27  SCV  
  39  4:30  SCV  
  41  4:39  SCV  
  42  4:51  SCV  
  37  5:06  SCV  
  36  5:18  Marine x2  
Show
View Real Time Build Order
Export as new Build Order

Loken Zerg - Winner!

Build Orders: Hatch First 

Get SALT Encoding   

  12  0:01  Drone  
  13  0:08  Drone  
  14  0:34  Hatchery  
  13  0:37  Drone  
  14  0:45  Overlord  
  14  0:53  Extractor  
  14  0:54  Drone  
  14  0:59  Extractor  
  14  1:00  Drone  
  14  1:16  Spawning Pool  
  13  1:21  Drone  
  13  1:23  Drone  
  15  1:28  Drone  
  16  1:35  Drone  
  17  1:43  Drone  
  18  1:48  Drone  
  19  2:03  Queen  
  19  2:04  Queen  
  23  2:09  Drone  
  23  2:11  Drone  
  23  2:14  Drone  
  26  2:17  Drone  
  27  2:30  Metabolic Boost  
  27  2:34  Overlord  
  27  2:52  Queen  
  27  2:58  Zergling x12  
  35  3:13  Overlord x2  
  35  3:27  Drone  
  35  3:31  Queen  
  38  3:52  Zergling x2  
  38  3:53  Zergling x12  
  45  4:01  Lair  
  45  4:03  Zergling x12  
  51  4:12  Overlord x2  
  45  4:51  Drone x2  
  45  4:52  Drone x6  
  53  5:03  Hatchery  
Show
View Real Time Build Order
Export as new Build Order

dallaskuken Protoss - Winner!

Build Orders: Oracle Opening 

Get SALT Encoding   

  12  0:01  Probe (Chrono Boost)  
  13  0:12  Probe (Chrono Boost)  
  14  0:19  Pylon  
  14  0:23  Probe (Chrono Boost)  
  15  0:37  Probe (Chrono Boost)  
  15  0:40  Gateway  
  16  0:47  Probe (Chrono Boost)  
  16  0:48  Assimilator  
  17  0:58  Assimilator, Probe (Chrono Boost)  
  18  1:08  Probe (Chrono Boost)  
  19  1:19  Probe (Chrono Boost)  
  20  1:27  Cybernetics Core  
  20  1:30  Probe (Chrono Boost)  
  20  1:32  Pylon  
  21  1:41  Probe (Chrono Boost)  
  22  1:50  Zealot  
  22  1:51  Pylon  
  22  1:54  Probe (Chrono Boost)  
  25  2:05  Stargate  
  25  2:07  Probe (Chrono Boost)  
  26  2:18  Stalker, Mothership Core (Chrono Boost)  
  30  2:30  Warp Gate  
  30  2:36  Probe (Chrono Boost)  
  31  2:58  Oracle  
  34  3:08  Stalker  
  36  3:18  Pylon  
  36  3:22  Forge  
  36  3:38  Void Ray  
  40  3:47  Stalker  
  42  4:21  Void Ray  
  46  5:06  Stalker  
  45  5:33  Fleet Beacon  
Tags
 
Add a new tag
Caveats
  • Supply blocks, unpowered buildings, or Contaminate may cause inaccurate times.
  • Supply counts are checked every 10 seconds.